Map: Acid Plant LE

Players

TeflonDon - Winner!

  • Race: Zerg Zerg
  • Spawn Location: 11:00

A.I. 1 (Very Easy)

  • Race: Terran Terran
  • Spawn Location: 5:00

VOD

Have the link to the VOD?

Description

Time

  • Played on: April 24, 2018, 1:54 p.m.
  • Length: 6:44
Show
View Real Time Build Order
Export as new Build Order

TeflonDon Zerg - Winner!

Build Orders: Hatch First 

Get SALT Encoding   

  12  0:00  Drone  
  13  0:13  Overlord  
  13  0:18  Drone  
  14  0:31  Drone  
  14  0:32  Drone  
  14  0:35  Drone  
  17  0:54  Hatchery  
  16  0:57  Drone  
  16  1:01  Drone  
  18  1:05  Extractor  
  17  1:18  Spawning Pool  
  16  1:20  Drone  
  16  1:23  Drone  
  18  1:28  Drone  
  19  1:39  Overlord  
  19  1:50  Drone  
  20  2:04  Metabolic Boost  
  20  2:05  Queen  
  20  2:07  Queen  
  24  2:13  Zergling x2  
  24  2:14  Zergling x2  
  26  2:35  Hatchery  
  25  2:39  Drone  
  25  2:40  Drone  
  25  2:42  Drone  
  28  2:47  Zergling x2  
  28  2:48  Zergling x2  
  30  2:56  Queen  
  32  3:02  Overlord  
  32  3:07  Drone  
  32  3:08  Drone  
  32  3:10  Drone  
  35  3:13  Zergling x2  
  36  3:25  Roach Warren  
  35  3:31  Drone x3  
  35  3:33  Pneumatized Carapace  
  38  3:37  Drone  
  38  3:38  Drone  
  38  3:41  Drone  
  41  3:42  Drone  
  41  3:45  Zergling x2  
  41  3:47  Drone  
  44  3:58  Extractor  
  44  3:59  Extractor  
  44  4:02  Overlord  
  42  4:04  Overlord  
  42  4:11  Spore Crawler  
  42  4:13  Spore Crawler  
  40  4:22  Roach x3  
  46  4:29  Roach x2  
  50  4:33  Roach  
  50  4:35  Roach  
  56  4:38  Roach  
  56  4:49  Lair  
  56  4:52  Overlord  
  56  4:55  Drone x3  
  56  4:58  Drone  
  60  5:04  Drone x2  
  62  5:18  Ravager x3  
  65  5:29  Ravager  
  65  5:32  Drone  
  65  5:33  Overlord  
  67  5:35  Drone  
  67  5:36  Drone x5  
  73  5:47  Hatchery  
  72  5:58  Roach x4  
Show
View Real Time Build Order
Export as new Build Order

A.I. 1 (Very Easy) Terran 

Build Orders:  

Get SALT Encoding   

  12  0:00  SCV  
  13  0:13  SCV  
  14  0:18  Supply Depot  
  14  0:38  Refinery  
  14  0:43  Barracks  
  14  1:04  Supply Depot  
  14  1:13  Refinery  
  14  1:30  Marine, SCV  
  16  1:42  SCV  
  18  1:54  SCV  
  18  2:03  Marine  
  18  2:06  SCV  
  20  2:18  SCV  
  21  2:30  SCV  
  21  2:36  Marine  
  23  2:42  Orbital Command  
  23  5:50  Marine, SCV  
  23  5:52  Supply Depot  
  23  5:55  Factory  
  25  6:02  SCV  
  23  6:14  SCV  
  23  6:17  Supply Depot  
  23  6:21  Marine  
  19  6:26  SCV  
Tags
 
Matchup
TvZ
Spawn Locations
Cross Positions
Add a new tag
Caveats
  • Supply blocks, unpowered buildings, or Contaminate may cause inaccurate times.
  • Supply counts are checked every 10 seconds.